 Dungeon Crawl Stone Soup version 0.21.1-1-g345015f (webtiles) character file.

102 sking99 the Shooter (level 4, 0/36 HPs)
             Began as a Centaur Hunter on June 25, 2018.
             Slain by an orc wizard
             ... wielding a +0 dagger
              (4 damage)
             ... on level 3 of the Dungeon.
             The game lasted 00:08:21 (2548 turns).

sking99 the Shooter (Centaur Hunter)                Turns: 2548, Time: 00:08:22

Health: 0/36       AC:  5    Str: 14    XL:     4   Next: 49%
Magic:  4/4        EV:  9    Int: 10    God:
Gold:   133        SH:  0    Dex: 11    Spells: 3/3 levels left

rFire    . . .     SeeInvis .   a - +1 shortbow
rCold    . . .     Gourm    .   (shield currently unavailable)
rNeg     . . .     Faith    .   c - +0 leather armour
rPois    .         Spirit   .   x - +0 helmet
rElec    .         Reflect  .   (no cloak)
rCorr    .         Harm     .   (no gloves)
MR       .....                  (no barding)
Stlth    +.........             (no amulet)
HPRegen  0.12/turn              (no ring)
MPRegen  0.09/turn              (no ring)

@: very quick
A: large, hooves 3, deformed body, speed 2, tough skin 3
a: no special abilities


You were on level 3 of the Dungeon.
You were not hungry.

You visited 1 branch of the dungeon, and saw 3 of its levels.

You collected 133 gold pieces.

Inventory:

Hand Weapons
 a - a +1 shortbow (weapon)
 r - a +0 short sword
Missiles
 d - 55 arrows (quivered)
Armour
 c - a +0 leather armour (worn)
 m - a +2 pair of gloves
 x - a +0 helmet (worn)
Jewellery
 i - an uncursed ring of fire {unknown}
 l - an uncursed amulet of the gourmand {unknown}
 u - an uncursed ring of protection from fire {unknown}
Wands
 g - a wand of disintegration (12)
 n - a wand of acid (12)
Scrolls
 b - a scroll of immolation {unknown}
 h - 2 scrolls of enchant weapon {unknown}
 k - 3 scrolls of identify {unknown}
 o - a scroll of amnesia {unknown}
 q - a scroll of random uselessness {unknown}
 v - 2 scrolls of teleportation {unknown}
 y - a scroll of magic mapping {unknown}
Potions
 e - a potion of flight {unknown}
 j - a potion of curing {unknown}
 p - a potion of ambrosia {unknown}
 s - a potion of heal wounds {unknown}
 w - a potion of mutation {unknown}
 z - a potion of agility {unknown}
Comestibles
 f - 6 rations
 t - 6 chunks of flesh


   Skills:
 - Level 2.0 Fighting
 + Level 6.6 Bows
 - Level 1.3 Dodging
 - Level 1.4 Stealth
 - Level 2.0 Unarmed Combat


You had 3 spell levels left.
You didn't know any spells.

Dungeon Overview and Level Annotations

Branches:
Dungeon (3/15)

Altars:


Innate Abilities, Weirdness & Mutations

You have hooves in place of feet.
Armour fits poorly on your strangely shaped body.
You cover ground very quickly.
You have extremely tough skin. (AC +3)


Message History

The orc wizard is heavily wounded.
The orc wizard gestures at you while chanting.
The magic dart hits you!
* * * LOW HITPOINT WARNING * * *
Firing (i - inventory):
d - 57 arrows (quivered)
Press: ? - help, Shift-Dir - straight line, f/p - orc priest
Aim: an orc priest, wearing a leather armour You shoot an arrow.
The arrow closely misses the orc priest.
The orc wizard barely misses you.
The orc wizard gestures at you while chanting.
The puff of flame misses you.
Firing (i - inventory):
d - 56 arrows (quivered)
Press: ? - help, Shift-Dir - straight line, f/p - orc priest
Aim: an orc priest, wearing a leather armour You shoot an arrow.
The arrow closely misses the orc priest.
The orc priest mumbles some strange prayers to Beogh against you.
You barely resist. The orc wizard hits you with a dagger.
You die...

### ###############..
#................
########.###.#.#######.#
((...(.(.##....# #...
.....(oo.###.#.# #...
#@.# ###.# #...
#..#####.######...
#.................
#.................
####.<.#.###.#....
#.....# #.####. #.
#..#### #.# #. #. #..#
#.# #. ####. #..# #.# ##


You could see an orc priest and an orc wizard.

Vanquished Creatures
  3 adders
  2 worms (D:2)
  4 dart slugs
  A leopard gecko (D:3)
  2 orcs (D:3)
  9 bats
  A giant cockroach (D:3)
  7 goblins
  7 hobgoblins
  7 jackals (D:2)
  5 kobolds
  2 frilled lizards
  4 rats
54 creatures vanquished.

Notes
Turn   | Place    | Note
-------+----------+-------------------------------------------
     0 | D:1      | sking99 the Centaur Hunter began the quest for the Orb.
     0 | D:1      | Reached XP level 1. HP: 17/17 MP: 1/1
   122 | D:1      | Reached skill level 1 in Unarmed Combat
   150 | D:1      | Reached skill level 1 in Stealth
   150 | D:1      | Reached XP level 2. HP: 18/24 MP: 2/2
   925 | D:2      | Reached XP level 3. HP: 29/29 MP: 3/3
  1159 | D:2      | Found a faded altar of an unknown god.
  1831 | D:3      | Reached skill level 6 in Bows
  1847 | D:3      | Reached XP level 4. HP: 25/36 MP: 4/4
  2548 | D:3      | Slain by an orc wizard

Skill      XL: |  1  2  3 |
---------------+----------+-----
Unarmed Combat | 1 2 |  2.0
Stealth        | 1 |  1.4
Bows           | 6 |  6.6
Fighting       | |  2.0
Dodging        | |  1.3

Action                   |  1- 3 |  4- 6 || total
-------------------------+-------+-------++-------
Melee: Unarmed           |    88 |       ||    88
       Kick              |    17 |       ||    17
       Punch             |     1 |       ||     1
 Fire: Shortbow          |    53 |    33 ||    86
  Eat: Chunk             |     2 |     1 ||     3
Armor: Leather armour    |    49 |     3 ||    52
Dodge: Dodged            |    44 |    12 ||    56
